Map: Romanticide LE

Players

DPGZest (Zest) - Winner!

  • Race: Protoss Protoss

DPGDark (Dark)

  • Race: Zerg Zerg
  • League: Master

Event: ASUS ROG Fall 2021

VOD

Have the link to the VOD?

Description

Time

  • Played on: Sept. 19, 2021, 6:52 a.m.
  • Length: 20:24

All games in this series

Show
View Real Time Build Order
Export as new Build Order

DPGZest Protoss - Winner!

Build Orders: 1 Gate Expand, Oracle Opening, Carriers 

Get SALT Encoding   

  12  0:00  Probe  
  13  0:12  Probe  
  14  0:19  Pylon  
  14  0:24  Probe  
  15  0:37  Probe (Chrono Boost)  
  15  0:39  Gateway  
  16  0:47  Probe (Chrono Boost)  
  16  0:49  Assimilator  
  17  0:52  Probe (Chrono Boost)  
  18  1:03  Probe  
  19  1:16  Probe  
  20  1:25  Nexus  
  20  1:36  Cybernetics Core  
  20  1:39  Probe  
  21  1:44  Assimilator  
  21  1:51  Probe  
  22  1:55  Pylon  
  22  2:03  Probe (Chrono Boost)  
  23  2:13  Adept  
  23  2:15  Probe (Chrono Boost)  
  26  2:17  Stargate  
  26  2:19  Probe (Chrono Boost)  
  27  2:25  Warp Gate  
  27  2:32  Probe (Chrono Boost)  
  28  2:37  Probe (Chrono Boost)  
  28  2:43  Adept  
  32  2:47  Probe x2 (Chrono Boost)  
  33  2:51  Void Ray (Chrono Boost)  
  33  2:52  Probe (Chrono Boost)  
  33  2:54  Probe  
  35  3:04  Pylon  
  39  3:07  Probe  
  40  3:13  Probe  
  40  3:19  Gateway  
  41  3:22  Probe  
  41  3:25  Oracle (Chrono Boost), Probe  
  46  3:34  Probe  
  47  3:37  Probe  
  48  3:44  Nexus  
  48  3:47  Probe  
  49  3:49  Probe  
  49  3:52  Pylon  
  50  3:57  Assimilator  
  50  4:01  Probe x2 (Chrono Boost)  
  52  4:02  Assimilator  
  52  4:08  Pylon  
  52  4:13  Probe (Chrono Boost)  
  54  4:17  Probe (Chrono Boost)  
  54  4:19  Protoss Air Weapons Level 1, Probe (Chrono Boost)  
  54  4:21  Void Ray  
  54  4:23  Probe  
  56  4:28  Probe  
  61  4:36  Probe  
  61  4:37  Forge, Stargate  
  62  4:40  Probe  
  63  4:47  Shield Battery  
  63  4:48  Probe (Chrono Boost)  
  63  4:52  Probe (Chrono Boost)  
  65  4:57  Probe (Chrono Boost)  
  67  5:00  Probe (Chrono Boost)  
  67  5:03  Probe (Chrono Boost)  
  67  5:05  Probe (Chrono Boost)  
  67  5:06  Probe (Chrono Boost)  
  70  5:08  Probe (Chrono Boost)  
  70  5:10  Probe (Chrono Boost)  
  70  5:13  Pylon  
  72  5:14  Assimilator, Probe  
  72  5:18  Probe  
  72  5:20  Void Ray x2  
  74  5:22  Probe  
  74  5:25  Assimilator  
  74  5:26  Probe  
  84  5:30  Probe  
  84  5:34  Probe  
  86  5:36  Stargate  
  86  5:38  Fleet Beacon, Probe  
  86  5:42  Probe  
  88  5:47  Probe  
  89  5:50  Photon Cannon, Probe  
  89  5:52  Pylon  
  89  5:54  Probe  
  89  5:56  Pylon  
  91  5:59  Probe  
  91  6:02  Probe  
  95  6:17  Pylon  
  96  6:18  Pylon  
  96  6:21  Carrier (Chrono Boost)  
  96  6:22  Void Ray, Carrier (Chrono Boost)  
  96  6:24  Pylon  
  96  6:25  Pylon  
  105  6:27  Pylon  
  109  6:34  Protoss Air Weapons Level 2 (Chrono Boost)  
  109  6:42  Nexus  
  109  6:45  Pylon  
  109  6:56  Photon Cannon  
  109  6:57  Shield Battery  
  109  7:07  Gateway  
  109  7:08  Gateway  
  109  7:09  Gateway  
  109  7:12  Carrier (Chrono Boost)  
  109  7:13  Photon Cannon  
  109  7:15  Photon Cannon  
  109  7:17  Carrier (Chrono Boost)  
  115  7:23  Carrier (Chrono Boost)  
  127  7:31  Mothership (Chrono Boost)  
  127  7:33  Photon Cannon  
  127  7:39  Assimilator  
  127  7:40  Assimilator  
  127  7:41  Photon Cannon  
  135  7:45  Pylon  
  135  7:57  Probe x2 (Chrono Boost)  
  135  7:58  Probe (Chrono Boost)  
  138  8:01  Void Ray  
  138  8:04  Void Ray  
  138  8:06  Photon Cannon  
  142  8:19  Photon Cannon  
  146  8:20  Photon Cannon, Void Ray (Chrono Boost)  
  146  8:23  Photon Cannon  
  150  8:34  Stargate x2  
  150  8:37  Pylon  
  150  8:40  Void Ray (Chrono Boost)  
  150  8:44  Pylon  
  150  8:50  Void Ray (Chrono Boost)  
  158  9:00  Void Ray (Chrono Boost)  
  161  9:14  Protoss Air Weapons Level 3 (Chrono Boost), Void Ray (Chrono Boost)  
  161  9:15  Void Ray (Chrono Boost)  
  165  9:21  Void Ray (Chrono Boost)  
  173  9:28  Void Ray (Chrono Boost)  
  177  9:47  Void Ray (Chrono Boost)  
  181  9:55  Void Ray (Chrono Boost)  
  181  9:56  Void Ray (Chrono Boost)  
  189  10:05  Pylon  
  189  10:06  Pylon  
  189  10:08  Void Ray  
  189  10:12  Nexus  
  193  10:17  Void Ray  
  193  10:18  Protoss Shields Level 1 (Chrono Boost)  
  193  10:19  Pylon  
  193  10:22  Pylon  
  193  10:23  Gateway  
  193  10:25  Pylon  
  197  11:22  Zealot x2  
  199  11:30  Photon Cannon  
  196  12:03  Protoss Air Armor Level 1 (Chrono Boost)  
  196  12:20  Twilight Council  
  196  12:22  Gateway  
  196  12:24  Gateway  
  196  12:26  Gateway  
  196  12:28  Gateway  
  188  12:31  Protoss Ground Weapons Level 1 (Chrono Boost)  
  188  12:34  Unknown  
  184  12:39  Charge (Chrono Boost)  
  184  12:42  Gateway x2  
  184  12:44  Gateway  
  184  12:49  Photon Cannon  
  184  12:51  Photon Cannon  
  184  12:53  Photon Cannon  
  184  12:54  Photon Cannon  
  184  12:56  Photon Cannon  
  184  12:58  Photon Cannon  
  184  13:00  Shield Battery  
  184  13:01  Templar Archives  
  184  13:03  Shield Battery  
  184  13:22  Pylon  
  183  13:28  Pylon  
  167  13:38  High Templar x13  
  177  13:45  Archon x4  
  177  13:46  Archon x2  
  177  13:52  Nexus, Robotics Facility  
  177  14:03  Protoss Air Armor Level 2 (Chrono Boost)  
  177  14:13  Protoss Ground Weapons Level 2 (Chrono Boost)  
  177  14:16  High Templar x11  
  199  14:21  Archon x5  
  199  14:22  Archon  
  199  14:31  Robotics Facility  
  199  15:05  Zealot x6  
  185  15:15  Zealot  
  185  15:16  Zealot x6  
  142  15:33  Psionic Storm  
  142  15:35  Carrier x4 (Chrono Boost)  
  138  15:36  Carrier (Chrono Boost)  
  138  15:37  Immortal (Chrono Boost)  
  138  15:38  Immortal (Chrono Boost)  
  138  15:42  High Templar x4  
  184  16:06  Warp Prism (Chrono Boost)  
  184  16:07  Immortal (Chrono Boost)  
  178  16:22  Photon Cannon  
  178  16:23  Dark Shrine  
  178  16:26  Assimilator  
  178  16:29  Protoss Shields Level 2 (Chrono Boost)  
  178  16:30  Assimilator  
  178  16:33  High Templar x4  
  178  16:36  Observer (Chrono Boost)  
  178  16:38  Protoss Air Armor Level 3 (Chrono Boost)  
  191  16:45  Immortal (Chrono Boost)  
  191  16:57  Photon Cannon  
  191  17:01  Photon Cannon  
  191  17:03  Photon Cannon  
  191  17:04  Robotics Bay  
  191  17:05  Photon Cannon  
  191  17:07  Photon Cannon  
  191  17:08  Zealot x2  
  199  17:09  Photon Cannon  
  199  17:10  Photon Cannon  
  199  17:12  Shield Battery  
  199  17:13  Immortal (Chrono Boost)  
  199  17:14  Observer (Chrono Boost)  
  200  17:16  Pylon  
  192  17:29  Observer (Chrono Boost)  
  196  17:35  Shadow Stride, Oracle (Chrono Boost), Dark Templar  
  196  17:36  Dark Templar  
  196  17:51  Photon Cannon  
  192  18:14  Zealot x5  
  178  18:48  Dark Templar x10  
  177  18:49  Dark Templar x2  
  177  18:53  Archon x5  
  191  19:07  Archon  
  187  19:17  Dark Templar  
  148  19:37  Void Ray x3 (Chrono Boost)  
  124  19:44  Void Ray x2 (Chrono Boost)  
  134  20:07  Dark Templar x10  
Show
View Real Time Build Order
Export as new Build Order

DPGDark Zerg 

Build Orders: Hatch First 

Get SALT Encoding   

  12  0:00  Drone  
  13  0:12  Overlord  
  13  0:17  Drone  
  14  0:30  Drone  
  14  0:31  Drone  
  16  0:36  Drone  
  17  0:51  Hatchery  
  17  0:55  Drone  
  17  1:00  Drone  
  18  1:09  Extractor  
  17  1:17  Spawning Pool  
  16  1:21  Drone x2  
  18  1:32  Drone  
  19  1:44  Drone  
  20  1:52  Hatchery  
  19  1:55  Drone  
  20  2:03  Queen  
  20  2:07  Drone  
  23  2:12  Drone  
  24  2:15  Drone  
  24  2:22  Overlord  
  25  2:26  Drone  
  26  2:30  Drone  
  26  2:34  Drone  
  28  2:42  Queen  
  30  2:45  Queen  
  30  2:48  Drone  
  33  2:52  Metabolic Boost  
  33  2:54  Drone  
  33  2:58  Drone  
  35  2:59  Drone  
  35  3:04  Zergling x4  
  38  3:08  Spore Crawler  
  38  3:09  Drone  
  38  3:12  Drone  
  38  3:16  Drone  
  38  3:17  Drone  
  38  3:19  Drone  
  42  3:26  Overlord  
  42  3:27  Overlord  
  42  3:38  Overlord  
  42  3:45  Queen  
  42  3:46  Drone x3  
  42  3:47  Drone x2  
  49  3:52  Queen, Spore Crawler  
  49  3:53  Spore Crawler  
  49  3:54  Spore Crawler, Drone  
  49  3:55  Drone  
  50  3:57  Drone  
  50  3:58  Drone  
  50  4:01  Drone x2  
  54  4:03  Drone  
  54  4:05  Drone  
  54  4:06  Drone  
  54  4:08  Drone  
  58  4:15  Drone, Evolution Chamber  
  58  4:18  Drone  
  58  4:20  Spore Crawler  
  58  4:23  Drone  
  58  4:30  Overlord  
  58  4:33  Overlord  
  58  4:36  Overlord  
  58  4:38  Overlord  
  58  4:44  Zerg Melee Weapons Level 1  
  58  4:45  Extractor, Drone  
  58  4:46  Overlord  
  58  4:48  Drone x3  
  58  4:49  Drone x2  
  58  4:52  Queen  
  65  4:53  Drone  
  65  4:56  Drone  
  67  5:03  Spore Crawler  
  67  5:04  Drone x4  
  70  5:07  Drone x2  
  72  5:16  Drone x4  
  72  5:17  Drone x2  
  72  5:19  Drone x2  
  80  5:29  Drone x3  
  80  5:33  Hatchery  
  80  5:34  Lair  
  80  5:35  Queen  
  82  5:39  Queen  
  82  5:42  Drone x2  
  88  5:44  Drone x3  
  88  5:45  Extractor x2, Drone x3  
  88  5:46  Extractor x2  
  88  5:47  Overlord  
  90  5:50  Drone x2  
  90  5:57  Drone x3  
  94  5:58  Evolution Chamber  
  94  6:03  Zergling x6, Roach Warren  
  94  6:04  Zergling x2, Drone, Evolution Chamber  
  97  6:07  Overlord  
  97  6:08  Drone  
  98  6:16  Overlord  
  98  6:19  Overlord  
  98  6:20  Overlord  
  98  6:21  Overlord  
  98  6:23  Overlord  
  98  6:27  Drone x2  
  98  6:32  Zerg Ground Armor Level 1, Zerg Missile Weapons Level 1  
  100  6:35  Drone x2, Infestation Pit  
  100  6:43  Roach  
  100  6:44  Roach x4  
  100  6:47  Glial Reconstitution, Roach x2  
  114  6:51  Roach x3  
  114  6:52  Roach x2  
  114  6:53  Extractor  
  123  6:55  Extractor  
  123  6:56  Drone  
  128  7:08  Overlord  
  128  7:09  Zerg Melee Weapons Level 2  
  128  7:15  Spire  
  125  7:17  Drone x13  
  125  7:20  Hive  
  132  7:30  Overlord  
  132  7:34  Hatchery  
  131  7:38  Queen x2  
  131  7:39  Drone  
  131  7:42  Drone x3  
  139  7:44  Overlord  
  139  7:46  Overlord  
  139  7:49  Overlord  
  139  7:51  Pathogen Glands  
  138  7:53  Infestor x3  
  138  7:57  Infestor  
  146  7:59  Spore Crawler  
  146  8:00  Spore Crawler  
  146  8:02  Infestor  
  146  8:06  Drone x2  
  146  8:07  Queen  
  149  8:13  Spore Crawler  
  149  8:14  Queen x2  
  149  8:15  Spore Crawler  
  149  8:17  Spore Crawler  
  150  8:31  Greater Spire  
  150  8:32  Viper, Ultralisk Cavern  
  152  8:34  Queen  
  152  8:41  Spore Crawler  
  153  8:42  Spore Crawler  
  153  8:43  Queen, Drone x5  
  153  8:44  Drone x2  
  153  8:45  Drone, Overlord x3  
  153  8:48  Zerg Ground Armor Level 2, Zerg Missile Weapons Level 2  
  162  8:49  Queen  
  162  8:50  Queen  
  166  9:01  Drone  
  166  9:02  Spore Crawler  
  163  9:14  Spore Crawler  
  163  9:16  Spore Crawler x2  
  150  9:17  Corruptor x7  
  150  9:23  Corruptor  
  160  9:28  Drone x2  
  164  9:41  Drone x3  
  167  9:46  Extractor  
  167  9:47  Extractor  
  167  9:48  Infestor x3  
  167  9:51  Drone x3  
  174  9:55  Hatchery  
  174  9:58  Zergling x20  
  183  10:07  Viper  
  183  10:12  Hatchery x2, Infestor  
  186  10:17  Drone x4  
  186  10:18  Spore Crawler x2  
  188  10:25  Infestor x2  
  188  10:28  Queen x3  
  192  10:32  Spore Crawler x2  
  196  10:36  Viper  
  200  10:43  Unknown  
  200  10:45  Overlord x2  
  199  10:53  Spore Crawler x2  
  199  10:54  Spire  
  189  11:06  Spire, Ultralisk Cavern  
  189  11:09  Drone x13, Overlord  
  189  11:10  Drone x3  
  197  11:20  Pneumatized Carapace  
  197  11:24  Drone x4  
  185  11:30  Drone x3  
  185  11:31  Drone x2, Overlord  
  181  11:34  Spawning Pool  
  181  11:39  Drone x8  
  164  11:48  Drone x4  
  168  11:56  Ultralisk x4  
  168  11:59  Drone x3  
  195  12:01  Chitinous Plating  
  195  12:05  Extractor  
  195  12:06  Extractor  
  195  12:08  Overlord  
  193  12:16  Evolution Chamber  
  192  12:31  Lair  
  192  12:32  Drone x3  
  192  12:34  Zerg Flyer Weapons Level 1  
  195  12:39  Spore Crawler, Drone  
  195  12:43  Zergling x2, Drone x3  
  199  12:44  Spore Crawler  
  199  12:45  Zergling x2, Spore Crawler x2  
  199  12:47  Spore Crawler  
  199  12:49  Burrow  
  196  12:53  Overlord  
  196  12:57  Drone x2  
  198  12:59  Spore Crawler  
  198  13:00  Drone x2  
  198  13:04  Spore Crawler x2, Drone x2, Spine Crawler  
  198  13:05  Spore Crawler, Drone  
  199  13:06  Spore Crawler  
  199  13:07  Spore Crawler  
  199  13:09  Spore Crawler  
  195  13:20  Anabolic Synthesis  
  190  13:41  Drone x2  
  190  13:42  Drone  
  190  13:45  Infestation Pit  
  190  13:47  Spire  
  190  13:52  Zergling x18  
  190  13:55  Spore Crawler  
  198  13:57  Baneling Nest  
  198  14:00  Spore Crawler x2  
  195  14:04  Spore Crawler x2, Overseer x7  
  195  14:05  Overlord x2  
  195  14:08  Spore Crawler  
  192  14:10  Hatchery  
  191  14:21  Neural Parasite, Hive  
  191  14:22  Infestor x3  
  199  14:31  Infestor x7  
  199  14:32  Infestor x4  
  176  15:11  Ultralisk x6  
  176  15:13  Overseer x4  
  176  15:27  Infestor x6  
  176  15:28  Infestor x4  
  181  15:31  Overseer  
  181  15:33  Overlord  
  181  15:34  Zerg Flyer Weapons Level 2  
  181  15:40  Zergling x6  
  184  15:53  Hatchery  
  184  15:54  Viper x3  
  184  15:56  Overseer x3  
  192  16:03  Drone x4  
  196  16:06  Spore Crawler x2, Zergling x2, Spine Crawler  
  196  16:07  Zergling x2  
  196  16:08  Zerg Melee Weapons Level 3  
  195  16:11  Zergling x6  
  195  16:17  Zerg Missile Weapons Level 3  
  198  16:21  Zergling x2  
  199  16:26  Adrenal Glands  
  199  16:38  Zergling x2  
  199  16:39  Evolution Chamber, Overlord  
  199  16:46  Baneling Nest  
  198  16:51  Drone x2  
  200  16:59  Greater Spire  
  200  17:07  Hatchery  
  192  17:18  Zergling x10  
  192  17:19  Zergling x8  
  200  17:31  Infestor x21  
  200  17:35  Zergling x2  
  200  17:39  Zerg Ground Armor Level 3  
  199  17:45  Spore Crawler  
  199  17:47  Baneling x8  
  199  17:50  Spore Crawler  
  199  17:51  Spore Crawler  
  195  17:52  Corruptor x2  
  195  17:57  Infestor x7  
  195  17:58  Zergling x2, Infestor x8  
  188  18:18  Ultralisk x5  
  188  18:19  Zergling x4  
  191  18:37  Ultralisk  
  191  18:38  Ultralisk x2  
  191  18:40  Zergling x20  
  198  18:44  Queen x2  
  198  18:47  Infestor x4  
  198  18:48  Infestor x9  
  191  18:50  Zergling x2  
  191  18:51  Zergling x12  
  191  18:54  Zergling x2  
  191  18:55  Zergling x4  
  192  18:56  Zergling x2  
  192  19:00  Infestor x13  
  183  19:05  Ultralisk  
  183  19:06  Zergling x2  
  183  19:07  Zergling x8  
  188  19:22  Infestor x7  
  130  19:46  Infestor  
  130  19:47  Infestor x3  
  123  19:58  Overseer x7  
Tags
 
Add a new tag
Caveats
  • Supply blocks, unpowered buildings, or Contaminate may cause inaccurate times.
  • Supply counts are checked every 10 seconds.